[Event "Titled Tuesday Blitz August 02 Early 2022"]
[White "Xu, Yi"]
[Black "Subaste, Arman"]
[WhiteFideId "8605564"]
[BlackFideId "5221080"]
[WhiteElo "2471"]
[BlackElo "1856"]
[Result "1-0"]
[Round "06"]
[TimeControl "180+1"]
[Date "2022.08.02"]
[WhiteClock "0:00:14"]
[BlackClock "0:00:03"]

1. e4 c5 2. Nf3 d6 3. d4 cxd4 4. Nxd4 Nf6 5. Nc3 e5 6. Bb5+ Bd7 7. Bxd7+ Qxd7 8. Nf5 Nxe4 9. Nxe4 Qxf5 10. Nxd6+ Bxd6 11. Qxd6 Nc6 12. O-O Rd8 13. Qc5 Qe6 14. Be3 Qe7 15. Qc4 Nd4 16. c3 b5 17. Qb4 Qxb4 18. cxb4 Nc2 19. Rac1 Nxe3 20. fxe3 O-O 21. Rc5 Rd2 22. Rxb5 Rxb2 23. a4 h6 24. Rb7 a5 25. b5 Rb4 26. Ra1 Rc8 27. Ra2 Rc3 28. Ra7 Rxe3 29. Rxa5 e4 30. Ra8+ Kh7 31. Re8 Reb3 32. Kf2 f5 33. g3 g5 34. Re5 f4 35. gxf4 gxf4 36. a5 Rb2+ 37. Rxb2 Rxb2+ 38. Kf1 e3 39. a6 Rb1+ 40. Ke2 Rb2+ 41. Kf3 Rf2+ 42. Kg4 Rf1 43. a7 Ra1 44. b6 1-0


[Site "https://www.chess.com"]

[Event "Titled Tuesday Blitz August 02 Early 2022"]
[White "Zhigalko, Sergei"]
[Black "Nakamura, Hikaru"]
[WhiteFideId "13502956"]
[BlackFideId "2016192"]
[WhiteElo "2905"]
[BlackElo "3206"]
[Result "0-1"]
[Round "06"]
[TimeControl "180+1"]
[Date "2022.08.02"]
[WhiteClock "0:00:03"]
[BlackClock "0:00:40"]

1. e4 e5 2. Nf3 Nc6 3. Bb5 Nf6 4. d3 Bc5 5. O-O O-O 6. Bxc6 bxc6 7. Nxe5 Re8 8. Nf3 h6 9. h3 d5 10. e5 Nd7 11. Bf4 Nf8 12. Nbd2 a5 13. a4 Ne6 14. Bg3 Bb6 15. Re1 c5 16. Nf1 c4 17. Ne3 cxd3 18. cxd3 Nd4 19. Rc1 Be6 20. b3 Rb8 21. Rb1 Qe7 22. Nxd4 Bxd4 23. Qf3 Qd7 24. Bf4 Kh7 25. Rec1 c6 26. Qh5 Rb4 27. Nc2 Bxf2+ 28. Kxf2 Rxf4+ 29. Kg3 Rf5 30. Qe2 d4 31. Rf1 Rg5+ 32. Kh2 Bd5 33. Rf2 Rexe5 34. Qd2 Qd6 35. Kh1 c5 36. Re1 Bxb3 37. Rxe5 Qxe5 38. Ne1 Bd5 39. Nf3 Bxf3 40. Rxf3 Qc7 41. Qf2 f6 42. Qe1 Re5 43. Qg3 c4 44. dxc4 Qxc4 45. Kh2 Qe6 46. Rb3 Re3 47. Rxe3 dxe3 48. Qg4 Qxg4 49. hxg4 e2 0-1


[Site "https://www.chess.com"]

[Event "Titled Tuesday Blitz August 02 Early 2022"]
[White "Agasarov, Benik"]
[Black "Odegov, Artem"]
[WhiteFideId "13314823"]
[BlackFideId "34183644"]
[WhiteElo "2737"]
[BlackElo "2286"]
[Result "0-1"]
[Round "07"]
[TimeControl "180+1"]
[Date "2022.08.02"]
[WhiteClock "0:00:02"]
[BlackClock "0:00:07"]

1. e4 e6 2. d4 d5 3. Bd3 dxe4 4. Bxe4 Nf6 5. Bf3 c5 6. Ne2 Nc6 7. Be3 cxd4 8. Nxd4 Ne5 9. Nc3 a6 10. Qe2 Be7 11. O-O-O Qc7 12. Kb1 Nxf3 13. Qxf3 O-O 14. g4 Rd8 15. g5 Nd5 16. Nxd5 Rxd5 17. h4 b5 18. Bf4 Qd7 19. Nf5 Bb7 20. Rxd5 Bxd5 21. Rd1 Bf8 22. Ne3 Bxf3 23. Rxd7 Rc8 24. c3 a5 25. Bd6 Bc6 26. Rc7 Rxc7 27. Bxc7 a4 28. b3 axb3 29. axb3 Bc5 30. Bf4 f6 31. Nd1 e5 32. Be3 Be7 33. Kc2 Be4+ 34. Kd2 Bd5 35. Kc2 Be4+ 36. Kb2 Bf3 37. Kc1 Ba3+ 38. Kd2 Be7 39. c4 bxc4 40. bxc4 Bb4+ 41. Kc2 Bxd1+ 42. Kxd1 Kf7 43. Ke2 Ke6 44. Kd3 f5 45. f3 Kd6 46. h5 g6 47. hxg6 hxg6 48. Kc2 Bc5 49. Bd2 Bd4 50. Kb3 e4 51. fxe4 fxe4 52. Bf4+ Kc6 53. Bg3 Kc5 54. Be1 Kc6 55. Bb4 Bf2 56. Kc2 Be3 57. Kd1 Bxg5 58. Ke2 Bf4 59. Be7 g5 60. Kf2 g4 61. Bh4 Kc5 62. Ke2 Kxc4 63. Be1 Kd5 64. Ba5 Ke5 65. Bc7+ Kf5 66. Bd8 g3 67. Bb6 Kg4 68. Kf1 Kh3 69. Bc5 g2+ 70. Ke2 Kh2 71. Kd1 g1=Q+ 72. Bxg1+ Kxg1 73. Ke2 Kg2 74. Kd1 Kf2 0-1


[Site "https://www.chess.com"]

[Event "Titled Tuesday Blitz August 02 Early 2022"]
[White "Ajay, Karthikeyan"]
[Black "Salem, A.R. Saleh"]
[WhiteFideId "35011685"]
[BlackFideId "9301348"]
[WhiteElo "2183"]
[BlackElo "2679"]
[Result "0-1"]
[Round "07"]
[TimeControl "180+1"]
[Date "2022.08.02"]
[WhiteClock "0:00:03"]
[BlackClock "0:00:19"]

1. e4 c5 2. Nf3 e6 3. g3 Nc6 4. Bg2 Nf6 5. Qe2 d5 6. exd5 Nxd5 7. O-O Be7 8. Nc3 O-O 9. Rd1 Ndb4 10. d3 Nd4 11. Nxd4 cxd4 12. Nb1 Bd7 13. a3 Nd5 14. Nd2 Rc8 15. Nb3 Bf6 16. Bxd5 exd5 17. Bf4 Re8 18. Qf3 Rxc2 19. Qxd5 Bc6 20. Qxd8 Rxd8 21. Rd2 Rxd2 22. Nxd2 g5 23. Bc7 Re8 24. Kf1 Bb5 25. Nc4 Bxc4 26. dxc4 Rc8 27. Ba5 Rxc4 28. Rd1 b6 29. Bb4 a5 30. Be1 Rc2 31. Rd2 Rc1 32. Ke2 Rb1 33. f3 b5 34. Bf2 Rxb2 35. Rxb2 d3+ 36. Kxd3 Bxb2 37. Bc5 f5 38. g4 fxg4 39. fxg4 Kf7 40. Ke4 Ke6 41. h3 Bc3 42. Bb6 a4 43. Kd3 Be5 44. Be3 h6 45. Bd2 Bd6 46. Bc1 Kd5 47. Bb2 Be5 48. Bc1 Bf6 49. Bd2 Be7 50. Bc1 b4 51. axb4 Bxb4 52. Bb2 a3 53. Bg7 Bd6 54. Kc2 Be5 55. Bxe5 Kxe5 0-1


[Site "https://www.chess.com"]

[Event "Titled Tuesday Blitz August 02 Early 2022"]
[White "Aldokhin, Ivan"]
[Black "Drygalov, Sergey"]
[WhiteFideId "24115720"]
[BlackFideId "24171743"]
[WhiteElo "2246"]
[BlackElo "2523"]
[Result "1-0"]
[Round "07"]
[TimeControl "180+1"]
[Date "2022.08.02"]
[WhiteClock "0:00:03"]
[BlackClock "0:00:04"]

1. e4 e5 2. Nf3 Nc6 3. Bb5 a6 4. Ba4 Nf6 5. O-O b5 6. Bb3 Bc5 7. Nxe5 Nxe5 8. d4 Bxd4 9. Qxd4 d6 10. f4 Nc6 11. Qc3 Ne7 12. e5 Ne4 13. Qf3 d5 14. Nd2 Nc5 15. c3 Bf5 16. Bd1 O-O 17. g4 Bd3 18. Re1 Be4 19. Qe3 Nd3 20. Rf1 c6 21. Nxe4 dxe4 22. Qxe4 Nxc1 23. Rxc1 Qb6+ 24. Kh1 Rad8 25. Bc2 g6 26. f5 Rd2 27. e6 f6 28. Rcd1 Qd8 29. Rxd2 Qxd2 30. Rd1 Qf2 31. Qg2 Qf4 32. Rf1 Qc4 33. Bb3 Qd3 34. Qf3 Qd2 35. Rd1 Qxb2 36. Rd7 Qa3 37. fxg6 hxg6 38. Qd3 Kg7 39. Qe3 a5 40. Qa7 Re8 41. g5 Qc1+ 42. Bd1 fxg5 43. Rxe7+ Rxe7 44. Qxe7+ Kh6 45. Qf8+ Kh7 46. Qf7+ Kh6 47. Qf3 Qa3 48. Qe2 Qe7 49. Qe5 b4 50. Qh8+ 1-0


[Site "https://www.chess.com"]

[Event "Titled Tuesday Blitz August 02 Early 2022"]
[White "Alexiadis, Hristos"]
[Black "Mardov, Dimitar"]
[WhiteFideId "4249623"]
[BlackFideId "30919495"]
[WhiteElo "2416"]
[BlackElo "2185"]
[Result "1-0"]
[Round "07"]
[TimeControl "180+1"]
[Date "2022.08.02"]
[WhiteClock "0:01:18"]
[BlackClock "0:00:07"]

1. d4 Nf6 2. c4 e6 3. g3 d5 4. Bg2 dxc4 5. Nf3 Nc6 6. O-O Rb8 7. a4 a6 8. a5 b5 9. axb6 cxb6 10. Bf4 Bd6 11. Ne5 Ne7 12. Nxc4 Bxf4 13. gxf4 O-O 14. Nc3 Nf5 15. e3 Nh4 16. Bh1 Bb7 17. Bxb7 Rxb7 18. Rxa6 b5 19. Ne5 b4 20. Ne2 Qd5 21. f3 Rc7 22. Qd3 Nd7 23. e4 Nxe5 24. fxe5 Qd8 25. f4 Qc8 26. Raa1 f5 27. exf6 Nf5 28. exf5 Rxf6 29. Rac1 exf5 30. Rxc7 Qxc7 31. d5 Qc5+ 32. Qd4 Qc2 33. Kf2 Rh6 34. Rh1 Rd6 35. Rc1 Qb3 36. Rc8+ Kf7 37. Rc7+ Ke8 38. Qe5+ 1-0


[Site "https://www.chess.com"]

[Event "Titled Tuesday Blitz August 02 Early 2022"]
[White "Andreikin, Dmitry"]
[Black "Xiong, Jeffery"]
[WhiteFideId "4158814"]
[BlackFideId "2047640"]
[WhiteElo "2736"]
[BlackElo "2714"]
[Result "1-0"]
[Round "07"]
[TimeControl "180+1"]
[Date "2022.08.02"]
[WhiteClock "0:00:41"]
[BlackClock "0:00:19"]

1. d4 d5 2. c4 e6 3. Nf3 Nf6 4. g3 dxc4 5. Bg2 c6 6. a4 Bb4+ 7. Bd2 a5 8. Qc2 O-O 9. O-O Bxd2 10. Nbxd2 b5 11. b3 cxb3 12. Nxb3 b4 13. Ne5 Nd5 14. Rfc1 Nc3 15. e3 Ba6 16. Bf3 f6 17. Nd3 Bxd3 18. Qxd3 Nd7 19. Qc4 Qe7 20. Qxc6 Rfc8 21. Qb7 Qd8 22. Nxa5 Rxa5 23. Qxb4 Rf5 24. Bg4 Qc7 25. a5 Nf8 26. a6 h5 27. Rxc3 1-0


[Site "https://www.chess.com"]

[Event "Titled Tuesday Blitz August 02 Early 2022"]
[White "Bortnyk, Olexandr"]
[Black "Bryakin, Mikhail"]
[WhiteFideId "14120828"]
[BlackFideId "4165314"]
[WhiteElo "2723"]
[BlackElo "2422"]
[Result "1-0"]
[Round "07"]
[TimeControl "180+1"]
[Date "2022.08.02"]
[WhiteClock "0:00:02"]
[BlackClock "0:00:03"]

1. d4 d5 2. Nc3 c6 3. Bf4 Qb6 4. Rb1 Nf6 5. e3 Bf5 6. Nf3 e6 7. Ne5 Nbd7 8. g4 Bg6 9. h4 h5 10. Nxg6 fxg6 11. g5 Ng4 12. Bd3 O-O-O 13. Bxg6 e5 14. dxe5 Ngxe5 15. Bf5 Re8 16. O-O g6 17. Bxe5 Rxe5 18. Bxg6 Bd6 19. Qf3 Rf8 20. Qxh5 Rxe3 21. Kg2 Re5 22. Ne2 Nf6 23. Qf3 Ne4 24. Qh3+ Kb8 25. Bxe4 Rxe4 26. Rbe1 Qxb2 27. Ng3 Rxe1 28. Rxe1 Qxc2 29. Re2 Qd3 30. h5 a5 31. g6 Ka7 32. g7 Qf3+ 33. Kg1 Rg8 34. Qf5 Qc3 35. h6 Qc1+ 36. Kg2 Qxh6 37. Re6 Qf4 38. Qxf4 Bxf4 39. Nf5 Bd2 40. Rf6 Bb4 41. Rf7 Bc3 42. f4 Ka6 43. Kf3 b5 44. Ke3 b4 45. Kd3 c5 46. Rf8 Rxg7 47. Nxg7 c4+ 48. Kc2 Bxg7 49. Rd8 d4 50. f5 d3+ 51. Kd1 Kb5 52. Rd5+ Ka4 53. Rd7 Bf6 54. Rd6 Bg5 55. f6 b3 56. axb3+ Kxb3 57. f7 Be7 58. Rb6+ Kc3 59. Ra6 Kb4 60. Kd2 Bg5+ 61. Kd1 Be7 62. Ra7 Bf8 63. Ra8 Bh6 64. Rb8+ Kc3 65. Rh8 Bg7 66. Rg8 Bh6 67. f8=Q Bxf8 68. Rxf8 a4 69. Ra8 Kb3 70. Kd2 a3 71. Rb8+ Ka2 72. Kc3 Ka1 73. Rh8 d2 74. Rh1+ Ka2 75. Kc2 d1=Q+ 76. Rxd1 c3 77. Rd4 Ka1 78. Rd7 Ka2 79. Ra7 Ka1 80. Rxa3# 1-0


[Site "https://www.chess.com"]

[Event "Titled Tuesday Blitz August 02 Early 2022"]
[White "Cappelletto, Joshuaede"]
[Black "Zhigalko, Sergei"]
[WhiteFideId "2824383"]
[BlackFideId "13502956"]
[WhiteElo "1761"]
[BlackElo "2662"]
[Result "0-1"]
[Round "07"]
[TimeControl "180+1"]
[Date "2022.08.02"]
[WhiteClock "0:00:02"]
[BlackClock "0:00:05"]

1. e4 c5 2. Nc3 Nc6 3. Bb5 Nd4 4. Bc4 e6 5. Nge2 Nf6 6. O-O a6 7. a4 Qc7 8. d3 Be7 9. h3 O-O 10. Be3 Nc6 11. f4 d6 12. Qe1 Nb4 13. Bb3 d5 14. e5 Nd7 15. Nd1 c4 16. Qc3 Nc5 17. Bxc5 Bxc5+ 18. d4 Be7 19. Ba2 b5 20. Bb1 Bd7 21. Ne3 bxa4 22. Qd2 Rab8 23. f5 Bg5 24. f6 gxf6 25. h4 Bxh4 26. Ng4 Kh8 27. Nxf6 Bxf6 28. Rxf6 c3 29. Nxc3 Qc4 30. Ne2 Bb5 31. Ng3 Rg8 32. c3 Rxg3 33. cxb4 Rbg8 34. Rf2 R8g7 35. Bc2 Qc8 36. Re1 Qd8 37. Re3 Qh4 38. Rxg3 Qxg3 39. Qe1 Qg5 40. Qd2 Qh4 41. Bd3 Qxd4 42. Bxb5 Qxd2 43. Rxd2 axb5 44. Rc2 Rg4 45. Rc8+ Kg7 0-1


[Site "https://www.chess.com"]

[Event "Titled Tuesday Blitz August 02 Early 2022"]
[White "Chen, Justin"]
[Black "Kosteniuk, Alexandra"]
[WhiteFideId "2098199"]
[BlackFideId "4128125"]
[WhiteElo "2289"]
[BlackElo "2469"]
[Result "1-0"]
[Round "07"]
[TimeControl "180+1"]
[Date "2022.08.02"]
[WhiteClock "0:00:04"]
[BlackClock "0:00:57"]

1. e4 c6 2. d4 d5 3. exd5 cxd5 4. Bd3 Nc6 5. c3 Nf6 6. Bf4 Bg4 7. Qb3 Qd7 8. Nd2 e6 9. Ngf3 Bd6 10. Bxd6 Qxd6 11. O-O O-O 12. Rae1 Bxf3 13. Nxf3 Nd7 14. Re3 h6 15. Qd1 Rfe8 16. Nh4 e5 17. Nf5 Qf6 18. Rg3 g5 19. Qh5 e4 20. Nxh6+ Kf8 21. Rxg5 Ke7 22. Rf5 Qe6 23. Rxf7+ Kd8 24. Be2 Ne7 25. Bg4 Nf6 26. Bxe6 Nxh5 27. Bg4 Rh8 28. Bxh5 Rxh6 29. Rf8+ Kc7 30. Rxa8 Rxh5 31. f3 a6 32. fxe4 dxe4 33. Re8 Kd7 34. Rxe7+ Kxe7 35. Kf2 Ra5 36. a3 Rb5 37. b4 Rg5 38. g3 Ke6 39. Ke3 Kd5 40. Rf7 b5 41. Rc7 Rg8 42. Rc5+ Kd6 43. Kxe4 Re8+ 44. Kd3 Re1 45. Rh5 Ra1 46. Rh6+ Kd5 47. Rxa6 Rh1 48. Kc2 Rxh2+ 49. Kb3 Rh3 50. Rb6 Rxg3 51. Rxb5+ Ke4 52. Rc5 Kd3 53. a4 Rg1 54. a5 Rb1+ 55. Ka4 1-0


[Site "https://www.chess.com"]

[Event "Titled Tuesday Blitz August 02 Early 2022"]
[White "Chigaev, Maksim"]
[Black "Pinheiro, Iung Alicio de O."]
[WhiteFideId "4108116"]
[BlackFideId "2104350"]
[WhiteElo "2438"]
[BlackElo "2283"]
[Result "0-1"]
[Round "07"]
[TimeControl "180+1"]
[Date "2022.08.02"]
[WhiteClock "0:00:01"]
[BlackClock "0:00:06"]

1. d4 Nf6 2. g3 g6 3. Bg2 d5 4. Nf3 Bg7 5. O-O O-O 6. c3 b6 7. c4 Bb7 8. Ne5 Nbd7 9. Nc3 c6 10. Bf4 Rc8 11. Rc1 dxc4 12. Nxc4 Ba8 13. e4 Nh5 14. Be3 e5 15. dxe5 Nxe5 16. Nxe5 Bxe5 17. f4 Bxc3 18. bxc3 Qe7 19. f5 c5 20. Qf3 f6 21. g4 Ng7 22. Bh6 Rce8 23. Rce1 Bc6 24. h4 Qb7 25. Qf4 gxf5 26. gxf5 Kh8 27. Kh2 Rg8 28. Bf3 Qf7 29. Qd6 Ba8 30. Rg1 Qe7 31. Qxe7 Rxe7 32. Bh1 Rge8 33. e5 Bxh1 34. exf6 Rxe1 35. f7 R1e2+ 36. Kxh1 Nxf5 37. f8=Q+ Rxf8 38. Bxf8 Re8 39. Bd6 Re6 0-1


[Site "https://www.chess.com"]

[Event "Titled Tuesday Blitz August 02 Early 2022"]
[White "Cruz, Jonathan"]
[Black "Demchenko, Anton"]
[WhiteFideId "3802124"]
[BlackFideId "4160258"]
[WhiteElo "2406"]
[BlackElo "2539"]
[Result "1-0"]
[Round "07"]
[TimeControl "180+1"]
[Date "2022.08.02"]
[WhiteClock "0:00:49"]
[BlackClock "0:00:01"]

1. Nf3 f5 2. g3 Nf6 3. Bg2 e6 4. O-O Be7 5. d3 O-O 6. Nc3 d6 7. e4 e5 8. exf5 Bxf5 9. Ng5 Nc6 10. Nd5 Kh8 11. Nxe7 Qxe7 12. Be3 d5 13. Re1 Qd7 14. Bc5 Rfe8 15. a4 a5 16. Qd2 Rad8 17. Nf3 b6 18. Ba3 Bg4 19. b3 h6 20. Bb2 Qd6 21. Ba3 Qe6 22. Bb2 Bxf3 23. Bxf3 Qf5 24. Bg2 Nb4 25. Bc3 c5 26. Re2 e4 27. Rae1 exd3 28. Rxe8+ Rxe8 29. Rxe8+ Nxe8 30. Qxh6+ Kg8 31. Qe3 Nf6 32. Bxb4 axb4 33. cxd3 Kf7 34. Bf3 Qe6 35. Qf4 Qd7 36. Kg2 Kg8 37. g4 Qd8 38. Qf5 d4 39. g5 Nh7 40. Bd5+ Kh8 41. h4 Nf8 42. Qf7 Nd7 43. Qh5# 1-0


[Site "https://www.chess.com"]

[Event "Titled Tuesday Blitz August 02 Early 2022"]
[White "Csonka, Balazs"]
[Black "Harsha Bharathakoti"]
[WhiteFideId "742910"]
[BlackFideId "5078776"]
[WhiteElo "2404"]
[BlackElo "2575"]
[Result "0-1"]
[Round "07"]
[TimeControl "180+1"]
[Date "2022.08.02"]
[WhiteClock "0:00:02"]
[BlackClock "0:00:06"]

1. d4 Nf6 2. c4 c5 3. d5 g6 4. Nc3 Bg7 5. e4 O-O 6. Nf3 d6 7. h3 e6 8. Bd3 Nbd7 9. O-O e5 10. Rb1 h6 11. b4 cxb4 12. Rxb4 Nc5 13. Bc2 Nfd7 14. a4 Qa5 15. Ba3 a6 16. Qd2 Qd8 17. Rbb1 f5 18. Ne1 Qc7 19. Qe2 f4 20. f3 b6 21. Qf2 g5 22. Rb2 Rf6 23. Nd3 h5 24. Rfb1 Rg6 25. a5 Nxd3 26. Bxd3 bxa5 27. Na4 g4 28. hxg4 hxg4 29. fxg4 Nf6 30. Nb6 Rb8 31. Nxc8 Rxc8 32. Qb6 Nxg4 33. Qxc7 Rxc7 34. Rb8+ Kh7 35. R1b7 Rxb7 36. Rxb7 Ne3 37. Bf1 f3 38. c5 fxg2 39. Bxg2 Rxg2+ 40. Kh1 dxc5 41. Bxc5 Re2 42. Bf8 Kg6 43. Bxg7 Ng4 44. d6 Rxe4 45. d7 Rd4 46. Bf8 Nf6 47. Bc5 Rd1+ 48. Kg2 Nxd7 49. Ba3 Kf5 50. Bb2 Rd2+ 51. Kf1 Nc5 52. Ke1 Rxb2 53. Rxb2 Nd3+ 0-1


[Site "https://www.chess.com"]

[Event "Titled Tuesday Blitz August 02 Early 2022"]
[White "Gokerkan, Cem Kaan"]
[Black "Ohanyan, Emin"]
[WhiteFideId "6336760"]
[BlackFideId "13312022"]
[WhiteElo "2364"]
[BlackElo "1927"]
[Result "1-0"]
[Round "07"]
[TimeControl "180+1"]
[Date "2022.08.02"]
[WhiteClock "0:00:05"]
[BlackClock "0:00:01"]

1. e4 e5 2. Nf3 Nc6 3. Bc4 Nf6 4. Ng5 Bc5 5. Bxf7+ Ke7 6. Bb3 Rf8 7. d3 d6 8. Nf3 Qe8 9. Be3 Qh5 10. Nbd2 Bxe3 11. fxe3 Ng4 12. Qe2 Qh6 13. Nf1 Na5 14. O-O-O Nxb3+ 15. axb3 a5 16. Kb1 Be6 17. h3 Nf6 18. d4 a4 19. dxe5 Nxe4 20. b4 a3 21. exd6+ Nxd6 22. b3 Ne4 23. Qe1 Qf6 24. Rd4 b6 25. N1d2 Nc3+ 26. Ka1 c5 27. bxc5 bxc5 28. g4 cxd4 29. Nxd4 Bd5 30. Rg1 Qb6 31. Qh4+ Qf6 32. Qxh7 Rh8 33. Qd3 Rac8 34. Nf5+ Ke6 35. e4 Nxe4+ 36. Nd4+ Kf7 37. Nxe4 Bxe4 38. Qxe4 Rhd8 39. c3 Rxc3 40. Rd1 Rc7 41. g5 1-0


[Site "https://www.chess.com"]

[Event "Titled Tuesday Blitz August 02 Early 2022"]
[White "Goldin, Alexander"]
[Black "Kevlishvili, Robby"]
[WhiteFideId "2019540"]
[BlackFideId "1040634"]
[WhiteElo "2672"]
[BlackElo "2577"]
[Result "0-1"]
[Round "07"]
[TimeControl "180+1"]
[Date "2022.08.02"]
[WhiteClock "0:00:24"]
[BlackClock "0:00:47"]

1. Nf3 d5 2. g3 g6 3. Bg2 Bg7 4. d4 Nd7 5. O-O Ngf6 6. Nbd2 c6 7. c4 dxc4 8. Nxc4 Nb6 9. Nce5 O-O 10. b3 Ng4 11. Bb2 Nxe5 12. Nxe5 Be6 13. Qc2 a5 14. a3 a4 15. b4 Bb3 16. Qc5 Nd7 17. Nxd7 Qxd7 18. e3 Rfd8 19. Bf3 Qh3 20. Bg2 Qe6 21. Rac1 Rd6 22. h4 h5 23. Kh2 Rad8 24. Rfe1 Qg4 25. Kg1 Bd5 26. e4 Bb3 27. e5 R6d7 28. b5 cxb5 29. Qxb5 e6 30. Rc5 Bf8 31. Rcc1 Bh6 32. Rc5 Bd2 33. Re4 Qd1+ 34. Qf1 Qxf1+ 35. Bxf1 b6 36. Rb5 Rc7 37. Bd3 Bc1 38. Bxc1 Rxc1+ 39. Kh2 Bd5 40. Re2 Rh1# 0-1


[Site "https://www.chess.com"]

[Event "Titled Tuesday Blitz August 02 Early 2022"]
[White "Harmon-Vellotti, Luke"]
[Black "Piesik, Piotr"]
[WhiteFideId "2030012"]
[BlackFideId "1136194"]
[WhiteElo "2354"]
[BlackElo "2242"]
[Result "1/2-1/2"]
[Round "07"]
[TimeControl "180+1"]
[Date "2022.08.02"]
[WhiteClock "0:00:09"]
[BlackClock "0:00:10"]

1. e4 g6 2. d4 Bg7 3. Nc3 c6 4. Nf3 d6 5. h3 Nf6 6. Be2 O-O 7. O-O Nbd7 8. Bf4 Qc7 9. Bh2 e5 10. Qd2 Re8 11. Bd3 b5 12. a3 a6 13. Rfe1 Bb7 14. Bf1 c5 15. d5 c4 16. b4 cxb3 17. cxb3 Nc5 18. Qb2 Rec8 19. Rac1 Bh6 20. Rc2 Qe7 21. b4 Ncd7 22. a4 bxa4 23. Nxa4 Rxc2 24. Qxc2 Rc8 25. Qb3 Qd8 26. g4 Bf4 27. Bxf4 exf4 28. Qb2 Qe7 29. Bd3 Re8 30. Kf1 Bc8 31. Qd4 Ne5 32. Nxe5 dxe5 33. Qc5 Qd8 34. f3 h5 35. Nb6 hxg4 36. hxg4 Bxg4 37. fxg4 Nxg4 38. Ke2 Qh4 39. Kd2 f3 40. Rf1 f2 41. Be2 Qg5+ 42. Kc3 Nf6 43. Bd3 Qg3 44. Kd2 Ng4 45. d6 Qf4+ 46. Ke2 Kg7 47. d7 Rh8 48. Nd5 Qg5 49. Qe7 Qxe7 50. Nxe7 Rd8 51. Bxa6 Rxd7 52. Nd5 Ra7 53. b5 f5 54. Rxf2 Nxf2 55. Kxf2 fxe4 56. Ke3 Rf7 57. Kxe4 g5 58. b6 g4 59. b7 Rf8 60. Ne7 g3 61. Nf5+ Kf6 62. Nxg3 Ke7 63. Nf5+ Kd7 64. Kxe5 Kc7 65. Nd4 Rb8 66. Kd5 Rxb7 67. Bxb7 Kxb7 1/2-1/2


[Site "https://www.chess.com"]

[Event "Titled Tuesday Blitz August 02 Early 2022"]
[White "Harshavardhan G B"]
[Black "Gvanceladze, Anna"]
[WhiteFideId "25059009"]
[BlackFideId "4113721"]
[WhiteElo "1831"]
[BlackElo "1988"]
[Result "1-0"]
[Round "07"]
[TimeControl "180+1"]
[Date "2022.08.02"]
[WhiteClock "0:01:16"]
[BlackClock "0:00:03"]

1. e4 c6 2. d4 d5 3. exd5 cxd5 4. c4 Nf6 5. Nc3 g6 6. cxd5 Bg7 7. Bb5+ Nbd7 8. d6 exd6 9. Qe2+ Qe7 10. Bf4 Qxe2+ 11. Bxe2 d5 12. Bf3 Nb6 13. Nge2 O-O 14. O-O Bf5 15. Ng3 Bd3 16. Rfd1 Bc4 17. Be5 Rfd8 18. b3 Ba6 19. Rac1 h5 20. h4 Rac8 21. a4 Nbd7 22. Bf4 Nf8 23. Be5 N8d7 24. Bd6 Nf8 25. Be7 Rd7 26. Bxf6 Rxc3 27. Rxc3 Bxf6 28. Rc5 Ne6 29. Rxd5 Rxd5 30. Bxd5 Nxd4 31. b4 Ne2+ 32. Nxe2 Bxe2 33. Re1 Bd3 34. Be4 Bc3 35. Re3 Bxe4 36. Rxc3 a6 37. f3 Bc6 38. a5 Kf8 39. Kf2 Ke7 40. Ke3 Kd6 41. Kd4 Ba4 42. Re3 Bc6 43. g4 Ba4 44. gxh5 gxh5 45. Re5 Bd1 46. Rxh5 Bxf3 47. Rf5 Bg4 48. Rxf7 Bc8 49. h5 1-0


[Site "https://www.chess.com"]

[Event "Titled Tuesday Blitz August 02 Early 2022"]
[White "Hebden, Mark L"]
[Black "Vivekananthan, Anish"]
[WhiteFideId "400084"]
[BlackFideId "2090775"]
[WhiteElo "2457"]
[BlackElo "2735"]
[Result "1-0"]
[Round "07"]
[TimeControl "180+1"]
[Date "2022.08.02"]
[WhiteClock "0:00:18"]
[BlackClock "0:00:02"]

1. d4 d5 2. Nf3 Nf6 3. c4 c6 4. e3 e6 5. Bd3 Be7 6. O-O O-O 7. b3 Nbd7 8. Bb2 b6 9. Nc3 Bb7 10. Qc2 Rc8 11. Ne5 c5 12. Nxd7 Qxd7 13. cxd5 cxd4 14. exd4 Bxd5 15. Qe2 Bb7 16. Rad1 Rfd8 17. Kh1 Rxc3 18. Bxc3 Qc6 19. d5 Nxd5 20. Be5 Nf4 21. Be4 Nxe2 22. Rxd8+ Bxd8 23. Bxc6 Bxc6 24. Re1 Bb5 25. a4 Ba6 26. Rd1 Bf6 27. Bxf6 gxf6 28. Rd7 Nc1 29. b4 Bc4 30. Rxa7 Nd3 31. a5 bxa5 32. bxa5 Nxf2+ 33. Kg1 Ne4 34. a6 Kg7 35. Ra8 Nc5 36. a7 Bd5 37. Rd8 Be4 38. Rd4 Ba8 39. Rc4 Ne4 40. Rc8 Bd5 41. Rd8 Bc6 42. Rc8 Bd5 43. a8=Q Bxa8 44. Rxa8 f5 45. g3 h5 46. Kg2 Kg6 47. Kf3 f6 48. Ra7 Ng5+ 49. Ke3 e5 50. Kd3 Nf3 51. h4 1-0


[Site "https://www.chess.com"]

[Event "Titled Tuesday Blitz August 02 Early 2022"]
[White "Itgelt, Khuyagtsogt"]
[Black "Swiercz, Dariusz"]
[WhiteFideId "4902912"]
[BlackFideId "1126881"]
[WhiteElo "2012"]
[BlackElo "2627"]
[Result "0-1"]
[Round "07"]
[TimeControl "180+1"]
[Date "2022.08.02"]
[WhiteClock "0:00:29"]
[BlackClock "0:00:36"]

1. d4 d5 2. c4 Nc6 3. e3 e5 4. cxd5 Qxd5 5. Nc3 Bb4 6. Bd2 Bxc3 7. bxc3 Nf6 8. c4 Qd6 9. d5 Nb8 10. Qa4+ Nbd7 11. Bb4 c5 12. dxc6 Qxc6 13. Qxc6 bxc6 14. Bd6 Ne4 15. Ba3 c5 16. Bd3 Bb7 17. Nf3 Bc6 18. O-O-O Nxf2 19. Bf5 Nxh1 20. Rxh1 f6 21. Rd1 Rc8 22. Nd2 Rc7 23. Ne4 Bxe4 24. Bxe4 Ke7 25. Kc2 Nb6 26. Bd5 Rb8 27. e4 h6 28. g4 Nxd5 29. cxd5 Kd6 30. Rd3 Rcb7 31. Rc3 Rb5 32. h3 Ra5 33. Kc1 Rbb5 34. Kc2 Ra4 35. Kd3 Rba5 0-1


[Site "https://www.chess.com"]

[Event "Titled Tuesday Blitz August 02 Early 2022"]
[White "Jakubowski, Krzysztof"]
[Black "Wagner, Dennis"]
[WhiteFideId "1112848"]
[BlackFideId "24650684"]
[WhiteElo "2365"]
[BlackElo "2355"]
[Result "1-0"]
[Round "07"]
[TimeControl "180+1"]
[Date "2022.08.02"]
[WhiteClock "0:00:08"]
[BlackClock "0:00:11"]

1. e4 e5 2. Nf3 Nc6 3. Bc4 Nf6 4. d3 Bc5 5. O-O d6 6. c3 h6 7. a4 a5 8. h3 O-O 9. Re1 Be6 10. Bxe6 fxe6 11. Qb3 Qd7 12. Be3 b6 13. Nbd2 Nh5 14. d4 exd4 15. cxd4 Bb4 16. d5 Nd8 17. e5 dxe5 18. dxe6 Qxe6 19. Rec1 Qxb3 20. Nxb3 Bd6 21. Nbd2 Nf4 22. Rc2 Nde6 23. Kf1 Rad8 24. Rc6 Nd3 25. Rb1 Nb4 26. Rc4 Bc5 27. Ne4 Bxe3 28. fxe3 c5 29. Ke2 Nc6 30. Rcc1 Rd7 31. Rd1 Rfd8 32. Rxd7 Rxd7 33. h4 Nc7 34. g4 Kf7 35. Rf1 Ke6 36. g5 Nd5 37. h5 Ndb4 38. g6 Nd5 39. Nh4 Ncb4 40. Rf8 Nc2 41. Nf5 Ndxe3 42. Nxe3 Nd4+ 43. Ke1 Nb3 44. Re8+ Re7 45. Rxe7+ Kxe7 46. Nf5+ Kf8 47. Ned6 Nd4 48. Nxd4 exd4 49. Nf5 d3 50. Kd2 c4 51. Kc3 Kg8 52. Ne3 Kf8 53. Nxc4 Ke7 54. Kxd3 Kf6 55. Nxb6 Kg5 56. Nc4 Kxh5 57. b4 axb4 58. a5 Kxg6 59. a6 h5 60. a7 Kg5 61. a8=Q Kh4 62. Qh1+ Kg5 63. Qg1+ Kh6 64. Ne5 g5 65. Qb6+ Kg7 66. Qg6+ Kf8 67. Qf7# 1-0


[Site "https://www.chess.com"]

[Event "Titled Tuesday Blitz August 02 Early 2022"]
[White "Kamsky, Gata"]
[Black "Aditya Mittal"]
[WhiteFideId "2000024"]
[BlackFideId "35042025"]
[WhiteElo "2645"]
[BlackElo "2303"]
[Result "1/2-1/2"]
[Round "07"]
[TimeControl "180+1"]
[Date "2022.08.02"]
[WhiteClock "0:00:16"]
[BlackClock "0:00:18"]

1. d4 Nf6 2. Nf3 d5 3. Bf4 c5 4. e3 Nc6 5. c3 Qb6 6. Qb3 c4 7. Qc2 Bf5 8. Qc1 Nh5 9. Bg3 e6 10. Nbd2 Nxg3 11. hxg3 Be7 12. Be2 h6 13. Bd1 Qc7 14. Bc2 b5 15. O-O h5 16. Re1 g5 17. e4 dxe4 18. Bxe4 g4 19. Nh4 Bxe4 20. Nxe4 O-O-O 21. a4 b4 22. Qc2 Na5 23. Nd2 b3 24. Qe4 Rd5 25. Nf1 Qb7 26. Re2 Rg8 27. Rae1 Rdg5 28. Qf4 R5g7 29. Nd2 Bg5 30. Qe5 Qd5 31. Nf1 Nc6 32. Qe4 Ne7 33. Qb1 Bf6 34. Re4 Nf5 35. Ne3 Nxe3 36. R1xe3 Kd7 37. Qe1 Rg5 38. Qe2 Ke7 39. Rf4 R8g7 40. Ree4 Rg8 41. Re3 R8g7 42. Ree4 Rg8 43. Qe3 R8g7 44. Kh2 Rg8 45. Qe2 R8g7 46. Re3 Rg8 47. Ree4 R8g7 48. Re3 Rg8 49. Ree4 1/2-1/2


[Site "https://www.chess.com"]